[Event "*** Titled Tuesday Blitz"]
[Site "Chess.com"]
[Date "2019.08.06"]
[Round "5"]
[White "CMS13"]
[Black "aquaticpineapples"]
[Result "0-1"]
[WhiteElo "1984"]
[BlackElo "2154"]
[TimeControl "180+2"]
[EndTime "14:03:46 PDT"]
[Termination "aquaticpineapples won by checkmate"]

1. e4 e6 2. d4 d5 3. Nc3 Bb4 4. Ne2 Nc6 5. a3 Bxc3+ 6. Nxc3 dxe4 7. Bb5 Ne7 8. Bg5 f6 9. Be3 f5 10. Qd2 O-O 11. O-O-O Nd5 12. Nxd5 exd5 13. h4 Qf6 14. Bg5 Qf7 15. h5 f4 16. Rh4 f3 17. gxf3 Qxf3 18.
h6 g6 19. Rf4 Rxf4 20. Qxf4 Qxf4+ 21. Bxf4 Bg4 22. Rg1 Nxd4 23. Bf1 Be2 24. Bxc7 Rc8 25. Be5 Nf3 26. Bxe2 Nxg1 27. Bg4 Re8 28. Bh2 Nf3 29. Bxf3 exf3 30. Bf4 Re2 31. Be3 Rxe3 32. Kd2 Re2+ 33. Kc3 Rxf2 34. Kb3 Re2 35. c3 f2 36. Kb4 f1=Q 37. Ka5 Rxb2 38. a4 Qa6# 0-1

[Event "*** Titled Tuesday Blitz"]
[Site "Chess.com"]
[Date "2019.08.06"]
[Round "5"]
[White "AliKa2810"]
[Black "12teen"]
[Result "1-0"]
[WhiteElo "2548"]
[BlackElo "2645"]
[TimeControl "180+2"]
[EndTime "14:03:47 PDT"]
[Termination "AliKa2810 won by resignation"]

1. c4 e6 2. Nc3 d5 3. d4 Nf6 4. cxd5 exd5 5. Bg5 Be7 6. e3 c6 7. Bd3 Be6 8. Nf3 Nbd7 9. O-O O-O 10. Qc2 h6 11.
Bh4 Rc8 12. Rab1 c5 13. dxc5 Nxc5 14. Rfd1 Qd7 15. h3 Nxd3 16. Qxd3 Rfd8 17. Rbc1 a6 18. Nd4 Rc4 19. Nce2 Rdc8 20. b3 Rxc1 21. Rxc1 Rxc1+ 22. Nxc1 g5 23. Bg3 Ne4 24. Nce2 Bf6 25. Nf3 Bf5 26. Qd1 Nxg3 27. Nxg3 Bg6 28. e4 d4 29.
Qd3 b5 30. Nf5 Bxf5 31. exf5 Qc7 32. g4 Qc1+ 33. Kg2 Qb2 34. a4 b4 35. Qxa6 Qxb3 36. Qxf6 d3 37. Qd8+ Kg7 38. f6+ Kg6 39. Ne5+ Kh7 40.
Qf8 Qd5+ 41. Nf3 1-0

[Event "*** Titled Tuesday Blitz"]
[Site "Chess.com"]
[Date "2019.08.06"]
[Round "5"]
[White "platy3"]
[Black "AtabayevSaparmyrat"]
[Result "1-0"]
[WhiteElo "2867"]
[BlackElo "2619"]
[TimeControl "180+2"]
[EndTime "14:03:52 PDT"]
[Termination "platy3 won on time"]

1. e4 e5 2. Nf3 Nc6 3. Bb5 a6 4. Ba4 Nf6 5. O-O Be7 6. Re1 b5 7.
Bb3 O-O 8. c3 d6 9. h3 Nb8 10.
d3 Nbd7 11. Nbd2 Bb7 12. Nf1 Nc5 13. Bc2 Re8 14. Ng3 Bf8 15. b4 Ne6 16. d4 c5 17.
d5 Nf4 18. bxc5 dxc5 19. a4 Nd7 20. Rb1 b4 21. Nd2 a5 22. Nc4 Ba6 23. Bb3 Qf6 24. Be3 Nb6 25. Nxb6 Qxb6 26. c4 Qg6 27. Qg4 Bc8 28.
Qxg6 Nxg6 29. Nf5 Rd8 30. g3 Ra7 31. d6 Ra6 32. Bxc5 Rc6 33. Be3 Bxd6 34. c5 Bf8 35. Red1 Rxd1+ 36. Rxd1 Ne7 37. Nd6 1-0

[Event "*** Titled Tuesday Blitz"]
[Site "Chess.com"]
[Date "2019.08.06"]
[Round "5"]
[White "Firouzja2003"]
[Black "Micki-taryan"]
[Result "1/2-1/2"]
[WhiteElo "3001"]
[BlackElo "2966"]
[TimeControl "180+2"]
[EndTime "14:03:53 PDT"]
[Termination "Game drawn by repetition"]

1. e4 e5 2. Nf3 Nc6 3. Bb5 Nf6 4. d3 d6 5. c4 Be7 6. h3 O-O 7. Nc3 Nd7 8. O-O Nc5 9. Bxc6 bxc6 10. d4 exd4 11.
Nxd4 Bd7 12. Re1 Bf6 13. Bf4 Re8 14. Qd2 a5 15. Rad1 a4 16. Qc1 Qb8 17. Bg5 Bxd4 18.
Rxd4 Ne6 19. Rd3 Nxg5 20. Qxg5 Qxb2 21. Rb1 Qc2 22. Rg3 g6 23. Rc1 Qb2 24. Rb1 Qc2 25. h4 Re5 26. Qh6 Rae8 27. Rb7 Rc8 28. h5 Be8 29.
hxg6 fxg6 30. Rb1 Re7 31. Rc1 Qb2 32. Rb1 Qc2 33. Re1 Qb2 34. Rb1 Qc2 1/2-1/2

[Event "*** Titled Tuesday Blitz"]
[Site "Chess.com"]
[Date "2019.08.06"]
[Round "5"]
[White "SantoBlue"]
[Black "Gareth-Bale11"]
[Result "0-1"]
[WhiteElo "2798"]
[BlackElo "2751"]
[TimeControl "180+2"]
[EndTime "14:03:56 PDT"]
[Termination "Gareth-Bale11 won by checkmate"]

1. c4 e6 2. Nc3 d5 3. d4 a6 4. e3 dxc4 5. Bxc4 b5 6. Bd3 Bb7 7.
Nf3 Nf6 8. Qc2 Nbd7 9. a3 c5 10. O-O Be7 11. Rd1 Qb6 12. Be2 Rc8 13. Qb1 cxd4 14.
exd4 h6 15. Ne5 O-O 16. Nxd7 Nxd7 17. d5 Bc5 18. Rf1 exd5 19. Bg4 Rcd8 20. b4 Bd4 21.
Bb2 Ne5 22. Bd1 Nc4 23. Bb3 Nxb2 24. Qxb2 Rc8 25. Rac1 Qf6 26. Qe2 Bxc3 27. Qd3 g6 28. Qh3 Kg7 29. Qd7 Bc6 30. Qh3 d4 31. f4 Be4 32. f5 g5 33. Qg4 Rfe8 34. h4 d3 35. Qh5 Bd4+ 36. Kh1 Rxc1 37. Rxc1 Qxf5 38. Rd1 Qh3# 0-1

[Event "*** Titled Tuesday Blitz"]
[Site "Chess.com"]
[Date "2019.08.06"]
[Round "5"]
[White "gemarin"]
[Black "Mr_Penings"]
[Result "0-1"]
[WhiteElo "2077"]
[BlackElo "2514"]
[TimeControl "180+2"]
[EndTime "14:03:58 PDT"]
[Termination "Mr_Penings won on time"]

1. d4 Nf6 2. c4 d6 3. Nc3 e5 4. Nf3 Nbd7 5. Qc2 g6 6. g3 Bg7 7. Bg2 O-O 8. O-O Qe7 9. e3 Re8 10. b3 a6 11. Ba3 Rb8 12. Rad1 b5 13. dxe5 Nxe5 14. Nxe5 Qxe5 15. cxb5 axb5 16. Bb2 Bf5 17.
Qc1 Qc5 18. Qd2 b4 19. Na4 Qa5 20. Rc1 Be4 21. Bxf6 Bxf6 22. Bxe4 Rxe4 23. Qc2 Re7 24. Qc6 Qf5 25. Rc4 h5 26. Rfc1 h4 27. Qg2 hxg3 28.
hxg3 c5 29. R4c2 Kg7 30. Nb2 Rh8 31. Nc4 Qe6 32. Rd1 Be5 33. Rcd2 Rh5 34. f4 Bc3 35. Rxd6 Qg4 36. R6d3 Re8 37. Rd8 Reh8 38. Rxh8 Qxd1+ 0-1

[Event "*** Titled Tuesday Blitz"]
[Site "Chess.com"]
[Date "2019.08.06"]
[Round "5"]
[White "Me_ch_an"]
[Black "jposthuma"]
[Result "1-0"]
[WhiteElo "2339"]
[BlackElo "2418"]
[TimeControl "180+2"]
[EndTime "14:03:59 PDT"]
[Termination "Me_ch_an won by checkmate"]

1. e4 c6 2. d4 d5 3. Nd2 dxe4 4. Nxe4 Nf6 5. Nxf6+ gxf6 6. c3 Qd5 7. Nf3 Rg8 8. c4 Qe4+ 9. Be3 e5 10. Bd3 Bb4+ 11. Ke2 Qg4 12. h3 Qe6 13. Bxh7 Rxg2 14. d5 cxd5 15.
cxd5 Qd6 16. Rc1 Bd7 17. Nh4 Rg7 18. Bf5 Qa6+ 19. Kf3 Qxa2 20. Qc2 Na6 21. Rhd1 Qa5 22. Bxd7+ Kxd7 23. Qf5+ Ke8 24. Qxf6 Rh7 25. Qxe5+ Kf8 26. Bg5 Re8 27. Qf5 Rh8 28. Ng6+ Kg7 29. Bf6+ Kh7 30.
Nf8+ Kg8 31. Qg5+ Kxf8 32. Qg7# 1-0

[Event "*** Titled Tuesday Blitz"]
[Site "Chess.com"]
[Date "2019.08.06"]
[Round "5"]
[White "NemtsevIgor"]
[Black "MFguimaraes"]
[Result "1/2-1/2"]
[WhiteElo "2320"]
[BlackElo "2273"]
[TimeControl "180+2"]
[EndTime "14:04:00 PDT"]
[Termination "Game drawn by repetition"]

1. d3 d5 2. g3 e5 3. Nf3 Nc6 4. Bg2 Nf6 5. O-O Be7 6. c4 O-O 7. cxd5 Nxd5 8. Nc3 Nb6 9. Be3 Be6 10. Na4 Re8 11.
a3 Qd7 12. Rc1 Nxa4 13. Qxa4 Nd4 14. Qxd7 Nxe2+ 15. Kh1 Bxd7 16. Rce1 Nd4 17. Nxe5 Nc2 18. Rc1 Nxe3 19. fxe3 Bc8 20. Nxf7 c6 21. Ne5 Bg5 22. Nc4 Be6 23. Nd6 Re7 24. Nxb7 Bxe3 25. Rxc6 Bd7 26.
Rc7 Bb6 27. Rc4 Bb5 28. Nd6 Bxc4 29. Bxa8 Be6 30. Re1 Kf8 31. Bf3 Bd5 32. Rf1 Re1 33.
Bxd5+ Rxf1+ 34. Kg2 Rf2+ 35. Kh3 Rxb2 36. Nc4 Rf2 37.
Nxb6 axb6 38. a4 Ke7 39. Bc4 Kd6 40. Bb5 Kc5 41. g4 g5 42. Kg3 Rb2 43. h4 h6 44.
hxg5 hxg5 45. Kf3 Rxb5 46. axb5 Kxb5 47. Ke4 Kc5 48. Ke5 Kc6 49. Ke6 Kc5 50. Ke5 Kc6 51. Ke6 Kc5 52. Ke5 1/2-1/2

[Event "*** Titled Tuesday Blitz"]
[Site "Chess.com"]
[Date "2019.08.06"]
[Round "5"]
[White "BlackBoarder"]
[Black "Aknok"]
[Result "1-0"]
[WhiteElo "2663"]
[BlackElo "2439"]
[TimeControl "180+2"]
[EndTime "14:04:01 PDT"]
[Termination "BlackBoarder won by resignation"]

1. e4 e6 2. d4 d5 3. Bd3 c5 4. exd5 exd5 5. Nf3 Nc6 6. O-O Bg4 7. Re1+ Be7 8.
dxc5 Nf6 9. h3 Bh5 10. Nc3 O-O 11. Bg5 h6 12. Bxf6 Bxf6 13. Nxd5 Bxb2 14. Rb1 Ba3 15. Rxb7 Bxc5 16. Nf4 Bxf3 17. Qxf3 Qd6 18. Qe4 g6 19. Nd5 Rae8 20. Qxe8 Rxe8 21. Rxe8+ Kg7 22. Ne7 Qf4 23.
Rg8+ Kh7 24. Bxg6+ fxg6 25. Nxg6+ Kxg8 26. Nxf4 Nd4 27. Kf1 Bd6 28. c3 Nc6 29. Nd5 Bc5 30. Nf6+ Kf8 31.
Rc7 Ne5 32. Rxc5 Nd3 33. Rc7 h5 34. Rxa7 h4 35. a4 Nxf2 36. Nh7+ Kg8 37. Kxf2 Kh8 38. Kf3 Kg8 39. Kf4 1-0

[Event "*** Titled Tuesday Blitz"]
[Site "Chess.com"]
[Date "2019.08.06"]
[Round "5"]
[White "Didici"]
[Black "GrandGlacier"]
[Result "0-1"]
[WhiteElo "2634"]
[BlackElo "2442"]
[TimeControl "180+2"]
[EndTime "14:04:01 PDT"]
[Termination "GrandGlacier won by resignation"]

1. d4 Nf6 2. c4 g6 3. f3 d5 4. c5 e5 5. dxe5 Nh5 6. Nh3 Bxh3 7. gxh3 Qh4+ 8. Kd2 Bxc5 9. Nc3 Nc6 10. Kc2 O-O-O 11.
a3 Nxe5 12. Bd2 f5 13. Qe1 Qf6 14. Rd1 Rhe8 15. Bg2 d4 16. Na4 d3+ 17. Kb1 Nc4 18. Bc3 Qc6 19. Nxc5 Rxe2 20. Nxd3 Rxe1 21. Rhxe1 Nxa3+ 22.
Kc1 Nb5 23. Nb4 Rxd1+ 24. Rxd1 Qc5 25. Kc2 Nf4 26. Bf1 Nxc3 27. bxc3 Qf2+ 28. Kb3 Qxf3 29. Kc2 a5 30. Nd3 Nxh3 31. Re1 b6 32. Be2 Qg2 33. Kb3 Nf2 34. Bf3 Qxf3 0-1

[Event "*** Titled Tuesday Blitz"]
[Site "Chess.com"]
[Date "2019.08.06"]
[Round "5"]
[White "twitchTriniCupid"]
[Black "ChrisTool2"]
[Result "1-0"]
[WhiteElo "2289"]
[BlackElo "2275"]
[TimeControl "180+2"]
[EndTime "14:04:01 PDT"]
[Termination "twitchTriniCupid won by resignation"]

1. d4 Nf6 2. Nf3 d5 3. g3 e6 4. Bg2 Be7 5. O-O O-O 6. c4 c6 7. b3 Nbd7 8. Nc3 b6 9. cxd5 cxd5 10. Qd3 Bb7 11. Bb2 Ne4 12. Rac1 f5 13. Nd2 Rc8 14.
Rc2 Qe8 15. f3 Nd6 16. e4 Qh5 17. exd5 exd5 18. Re1 Bg5 19. Ba3 Bxd2 20. Qxd2 Rf6 21. Re7 Bc6 22. Nxd5 Bxd5 23. Rxc8+ Nxc8 24. Rxd7 Bxf3 25. Rd8+ Kf7 26. Rxc8 Bxg2 27. Kxg2 Re6 28. Rc2 Qg4 29. Qd3 g6 30. h3 Qg5 31. Bc1 Qe7 32. h4 Kg7 33. Bf4 Re1 34. Be5+ Kf8 35. Rc8+ Kf7 36. Qc4+ Qe6 37. Rc7+ 1-0

[Event "*** Titled Tuesday Blitz"]
[Site "Chess.com"]
[Date "2019.08.06"]
[Round "5"]
[White "HrvojeZagreb"]
[Black "SergeiAza"]
[Result "1-0"]
[WhiteElo "2054"]
[BlackElo "2786"]
[TimeControl "180+2"]
[EndTime "14:04:01 PDT"]
[Termination "HrvojeZagreb won by resignation"]

1. d4 Nf6 2. Bf4 g6 3. Nc3 d5 4. e3 Bg7 5. h4 h5 6. Nf3 O-O 7. Ne5 Nbd7 8. Be2 c6 9. f3 Nxe5 10. Bxe5 Qb6 11. Qd2 Qxb2 12. Rb1 Qa3 13. g4 Qa5 14.
gxh5 Nxh5 15. Bxg7 Kxg7 16. Rg1 Qc7 17. f4 Rh8 18.
Bxh5 Rxh5 19. Qf2 Be6 20. Ne2 Rah8 21. Ng3 Rxh4 22. f5 Bc8 23. fxg6 fxg6 24. Nf5+ Bxf5 25. Qxf5 R8h6 26. Kd2 Rh2+ 27. Kd3 R2h5 28. Rxg6+ Rxg6 29. Qxh5 Qd6 30. Rh1 Qf6 31. Qh7+ Kf8 32. Qh3 Kf7 33. Rf1 Kg7 34. Rxf6 Rxf6 35. Qd7 1-0

[Event "*** Titled Tuesday Blitz"]
[Site "Chess.com"]
[Date "2019.08.06"]
[Round "5"]
[White "DiogenesSinopeus"]
[Black "Evgeny81"]
[Result "0-1"]
[WhiteElo "2397"]
[BlackElo "2537"]
[TimeControl "180+2"]
[EndTime "14:04:08 PDT"]
[Termination "Evgeny81 won by resignation"]

1. d4 d5 2. c4 c6 3. Nc3 Nf6 4. e3 a6 5. Nf3 b5 6. b3 Bg4 7. h3 Bxf3 8. gxf3 e6 9. c5 Nbd7 10.
f4 b4 11. Ne2 Ne4 12. Qc2 f5 13. Bb2 a5 14. Bg2 Qh4 15. Ng1 Be7 16. Nf3 Qh5 17.
O-O-O O-O 18. Rdg1 Ra7 19. Ne5 Nxe5 20. fxe5 a4 21.
Kb1 axb3 22. axb3 Rfa8 23. Bxe4 fxe4 24. Rg4 Bf8 25. Qd2 Qf7 26. Rhg1 Ra5 27. h4 Qa7 28. Kc2 Ra2 29. Rb1 Qf7 30. Qe2 R8a3 31. h5 Qa7 32. h6 Rxb3 33. hxg7 Bxc5 34. dxc5 Qa3 35. Kc1 Rc3+ 36. Kd1 Qb3+ 37. Ke1 Rc2 38. Qd1 Raxb2 39.
Rxb2 Qxb2 40. Kf1 Rc1 0-1

[Event "*** Titled Tuesday Blitz"]
[Site "Chess.com"]
[Date "2019.08.06"]
[Round "5"]
[White "pedro_gines"]
[Black "PchelkinVK"]
[Result "0-1"]
[WhiteElo "2402"]
[BlackElo "2533"]
[TimeControl "180+2"]
[EndTime "14:04:14 PDT"]
[Termination "PchelkinVK won by resignation"]

1. d4 e5 2. dxe5 d6 3. Nf3 Nc6 4. Bg5 Qd7 5. exd6 Bxd6 6. e3 f6 7. Bh4 Qf7 8. Bd3 Bg4 9. Bg3 O-O-O 10. Nbd2 Nge7 11. Qe2 Kb8 12. Nc4 Bxg3 13. hxg3 Nd5 14. a3 h5 15. O-O-O Rd7 16. Kb1 Rhd8 17. e4 Nd4 18.
Qf1 Ne7 19. Nxd4 Bxd1 20. Qxd1 Rxd4 21. Qxh5 g6 22. Qh7 Qe6 23. Ne3 a6 24. f3 Nc6 25.
Nd5 Qd6 26. Qf7 Ne5 27. Qxf6 Rxd5 28. Qg7 Rd4 29. Rh7 Nxd3 30. cxd3 Rxd3 31. Qf7 Qb6 32. Qc4 Rd2 33. Qc3 Rxg2 34. g4 Rdd2 35. Rh8+ Ka7 36.
b4 Rd1+ 0-1

[Event "*** Titled Tuesday Blitz"]
[Site "Chess.com"]
[Date "2019.08.06"]
[Round "5"]
[White "Dhaydon19"]
[Black "Kubas1010"]
[Result "1-0"]
[WhiteElo "2612"]
[BlackElo "2573"]
[TimeControl "180+2"]
[EndTime "14:04:14 PDT"]
[Termination "Dhaydon19 won by resignation"]

1. d4 Nf6 2. c4 d6 3. Nf3 Nbd7 4. g3 e5 5. Nc3 g6 6. Bg2 Bg7 7. O-O O-O 8. b3 Re8 9. dxe5 Nxe5 10. Nxe5 dxe5 11.
Qc2 c6 12. Rd1 Qa5 13. h3 Bf5 14. e4 Be6 15. Bd2 Qc7 16. Rac1 Rad8 17. Be3 Nd7 18. Qe2 Bf8 19. Nd5 Qb8 20. Bg5 Bxd5 21. Bxd8 Bxc4 22. Qxc4 Rxd8 23. Qd3 Be7 24. Qc3 Nf8 25. Rxd8 Bxd8 26. Rd1 Bb6 27. h4 Bd4 28. Qc4 Nd7 29. Bh3 Nb6 30. Qc2 Qd8 31. a4 a5 32. Kg2 Qf6 33. Rd3 Kg7 34. Rf3 Qd6 35. Qd2 f6 36. h5 Qb4 37. Qc1 Na8 38. Be6 Nc7 39. Bc4 Qd6 40. h6+ Kf8 41. Qd2 b6 42. Qg5 Ne8 43. Qg4 Ke7 44.
Qxg6 hxg6 45. h7 b5 46. axb5 cxb5 47. Bd5 Nc7 48. h8=Q Nxd5 49. Qg7+ Kd8 50. exd5 e4 51. Qg8+ Kc7 52. Rf4 f5 53. Rh4 Kb6 54. Rh6 Kc5 55.
Rxg6 Qxd5 56. Qf8+ 1-0

[Event "*** Titled Tuesday Blitz"]
[Site "Chess.com"]
[Date "2019.08.06"]
[Round "5"]
[White "Giraffe_Chess"]
[Black "ama18"]
[Result "0-1"]
[WhiteElo "2387"]
[BlackElo "2456"]
[TimeControl "180+2"]
[EndTime "14:04:15 PDT"]
[Termination "ama18 won by checkmate"]

1. d4 Nf6 2. c4 e6 3. Nf3 d5 4. g3 Bb4+ 5. Nbd2 O-O 6. Bg2 b6 7. O-O Bb7 8. Qa4 Bd6 9. Rd1 Nbd7 10. Qc2 Rc8 11. b3 c5 12. dxc5 Nxc5 13. Bb2 Qe7 14. Ne5 Qc7 15. Nd3 Nce4 16. Nxe4 dxe4 17. Nc1 Be5 18. e3 b5 19. Bxe5 Qxe5 20. Ne2 bxc4 21. bxc4 Ba6 22. Rd4 Bxc4 23. Rc1 Ba6 24. Qd2 Bxe2 25.
Rxc8 Rxc8 26. Rd8+ Ne8 27. Rxc8 Bb5 28. Bf1 g6 29.
Bxb5 Qxb5 30. Qd8 Kf8 31. Qd6+ Kg7 32. Qd4+ Nf6 33. Rc1 e5 34. Qc4 Qb2 35. Kg2 h5 36. Qc3 Qxa2 37. Qxe5 Qe2 38. Qd4 Qf3+ 39. Kg1 Kh7 40.
Rc7 Ng4 41. Qd2 h4 42. Rc4 h3 43. Kf1 Nxh2+ 44. Ke1 Qh1+ 45. Ke2 Qf1# 0-1

[Event "*** Titled Tuesday Blitz"]
[Site "Chess.com"]
[Date "2019.08.06"]
[Round "5"]
[White "capatl"]
[Black "Padenie_Zvezd"]
[Result "0-1"]
[WhiteElo "2541"]
[BlackElo "2818"]
[TimeControl "180+2"]
[EndTime "14:04:20 PDT"]
[Termination "Padenie_Zvezd won by resignation"]

1. Nf3 Nf6 2. d4 d5 3. Bf4 Bf5 4. e3 e6 5. c4 Bxb1 6. Qa4+ b5 7.
cxb5 Be4 8. b6+ Nbd7 9. bxc7 Qe7 10. Ba6 Bxf3 11. gxf3 Qb4+ 12. Qxb4 Bxb4+ 13. Ke2 Nb6 14. Rac1 Kd7 15. Bb7 Rac8 16. a3 Bd6 17. Bxd6 Kxd6 18.
Rc6+ Kd7 19. Rhc1 Rcf8 20. b3 Nc8 21. a4 Nd6 22. Ba6 Ra8 23. b4 Ke7 24. Rxd6 Kxd6 25. c8=Q Rhxc8 26. Rxc8 Rxc8 27. Bxc8 Kc6 28. Ba6 Kb6 29.
Bd3 a5 30. b5 h6 31. h3 Ne8 32. f4 Nd6 33. Kf3 Kc7 34. Kg4 Nc8 35. f3 Nb6 36. Bc2 Nc4 37. e4 Ne3+ 38. Kg3 Nxc2 39. f5 Nxd4 40.
Kf4 dxe4 41. fxe4 exf5 42. exf5 Nxb5 43. f6 gxf6 44. axb5 a4 45. Kf5 a3 46. Kxf6 a2 47.
Kxf7 a1=Q 48. Kg6 Qc1 49. h4 Qf4 0-1

[Event "*** Titled Tuesday Blitz"]
[Site "Chess.com"]
[Date "2019.08.06"]
[Round "5"]
[White "raviteja81293"]
[Black "Genghis_K"]
[Result "0-1"]
[WhiteElo "2607"]
[BlackElo "2881"]
[TimeControl "180+2"]
[EndTime "14:04:21 PDT"]
[Termination "Genghis_K won by checkmate"]

1. d4 Nf6 2. Nf3 e6 3. e3 c5 4. Bd3 Nc6 5. O-O d5 6. c3 Bd6 7. Nbd2 O-O 8. Qe2 e5 9. dxc5 Bxc5 10. b4 Bd6 11. e4 Ne7 12. c4 dxe4 13. Nxe4 Nxe4 14.
Qxe4 f5 15. Qh4 e4 16. Ng5 h6 17. c5 Bxh2+ 18. Kxh2 Qxd3 19. Re1 hxg5 20. Bxg5 Ng6 21.
Qh5 Kf7 22. Re3 Rh8 23. Qxh8 Nxh8 24. Rxd3 exd3 25. Rd1 Be6 26. Rxd3 Ng6 27. a4 Ne5 28. Rd2 a6 29. f3 Ng6 30. b5 axb5 31. axb5 f4 32. c6 bxc6 33. bxc6 Rh8+ 34. Kg1 Rh5 35. Bd8 Rc5 36. c7 Rc1+ 37. Kh2 Ne5 38. Re2 Rc5 39.
Re4 Nd3 40. Rd4 Rc3 41. Bg5 Kg6 42. Bd8 Kf5 43. Ra4 Rc2 44. Ra5+ Kg6 45. Ra6 Kf7 46. Ra1 Ne5 47. Ra7 Nxf3+ 48. Kh1 Rc1# 0-1

[Event "*** Titled Tuesday Blitz"]
[Site "Chess.com"]
[Date "2019.08.06"]
[Round "5"]
[White "swayamsm"]
[Black "dianamirza"]
[Result "1-0"]
[WhiteElo "2494"]
[BlackElo "2322"]
[TimeControl "180+2"]
[EndTime "14:04:22 PDT"]
[Termination "swayamsm won by checkmate"]

1. d4 Nf6 2. c4 g6 3. Nc3 Bg7 4.
e4 O-O 5. Be2 d6 6. g4 c5 7. d5 e6 8. g5 Ne8 9. h4 exd5 10.
Nxd5 Nc6 11. h5 Nd4 12. Nf3 Nc7 13. Nxd4 Bxd4 14. Nf6+ Bxf6 15. gxf6 Qxf6 16. Bh6 Re8 17. hxg6 fxg6 18. Qd2 Rxe4 19. O-O-O Ne6 20. Bd3 Re5 21. f4 Rf5 22. Bxf5 Qxf5 23. Qxd6 Nd4 24. Rxd4 cxd4 25. Qd8+ Kf7 26. Qf8+ Ke6 27. Re1+ Kd7 28. Qe8+ Kc7 29. Re7+ Bd7 30. Qxa8 Qc5 31. Rxd7+ Kxd7 32. Qxb7+ Ke6 33. Qd5+ Qxd5 34. cxd5+ Kxd5 35. Kd2 Ke4 36. b4 Kd5 37. Kd3 a6 38. a4 Ke6 39. Kxd4 Kf5 40. b5 axb5 41. axb5 Kg4 42. b6 Kf5 43. b7 Kg4 44.
b8=Q Kf5 45. Qd8 Kg4 46. Kd5 Kf5 47. Qg5# 1-0

[Event "*** Titled Tuesday Blitz"]
[Site "Chess.com"]
[Date "2019.08.06"]
[Round "5"]
[White "Hrant_ChessMood"]
[Black "Keaton87"]
[Result "0-1"]
[WhiteElo "2928"]
[BlackElo "2639"]
[TimeControl "180+2"]
[EndTime "14:04:23 PDT"]
[Termination "Keaton87 won by resignation"]

1. e4 c5 2. Nf3 d6 3. Bb5+ Bd7 4. c4 Nf6 5. Nc3 g6 6. d4 cxd4 7. Nxd4 Bg7 8. O-O O-O 9. h3 Nc6 10. Bxc6 bxc6 11. Bg5 Qa5 12. Be3 Qb4 13. Qe2 Rfb8 14. Rab1 a5 15. Nc2 Qb7 16. b3 Ng4 17. hxg4 Bxc3 18.
Rfd1 Bg7 19. c5 d5 20. exd5 cxd5 21. Bd4 e5 22. Ba1 d4 23. Rbc1 Bc6 24. Ne1 a4 25.
f4 axb3 26. axb3 Qxb3 27. fxe5 Ra2 28. Qd3 Qd5 29. Rd2 Rba8 30. Bxd4 Bh6 31. Rxa2 Rxa2 32.
Rc2 Rxc2 33. Qxc2 Qxd4+ 34. Kh1 Qxg4 35. Qc3 Bf4 36. Kg1 Qg3 37. Qxg3 Bxg3 38. Nd3 Bb5 39. Nb4 Bxe5 40. c6 Bd6 41. Nd5 Bxc6 42. Nc3 Bc5+ 43.
Kh1 f5 44. Ne2 Be3 45. Nc3 Kf7 46. Nd1 Bd4 47. Kh2 Ba4 48. Kh3 Bxd1 49. g4 Bxg4+ 50. Kh4 Kf6 51. Kg3 g5 52. Kh2 Be5+ 0-1

[Event "*** Titled Tuesday Blitz"]
[Site "Chess.com"]
[Date "2019.08.06"]
[Round "5"]
[White "Tjktiger"]
[Black "bugsbunny444"]
[Result "1-0"]
[WhiteElo "2818"]
[BlackElo "2501"]
[TimeControl "180+2"]
[EndTime "14:04:29 PDT"]
[Termination "Tjktiger won by resignation"]

1. c4 b6 2. Nc3 Bb7 3. d4 e6 4. a3 f5 5. d5 Nf6 6. Nf3 Na6 7. g3 Nc5 8. Bg2 Nce4 9. dxe6 dxe6 10. Qa4+ Qd7 11. Qxd7+ Nxd7 12. Ng5 Ndc5 13. Ngxe4 Nxe4 14. Nxe4 fxe4 15. Be3 O-O-O 16. Bh3 Re8 17. O-O-O Bd6 18. Kc2 h5 19. b4 h4 20. Bg4 Be5 21. gxh4 Rxh4 22.
h3 Rhh8 23. Rhg1 Rhf8 24. a4 Re7 25. Rg2 Bf6 26. Kb3 Rd8 27. Rxd8+ Kxd8 28. Rg1 Re8 29. Rd1+ Ke7 30. a5 Bc8 31. axb6 axb6 32. c5 b5 33. c6 Rd8 34. Bc5+ Ke8 35. Bh5+ 1-0

[Event "*** Titled Tuesday Blitz"]
[Site "Chess.com"]
[Date "2019.08.06"]
[Round "5"]
[White "joppie2"]
[Black "SmoothAsAHedgehog"]
[Result "1-0"]
[WhiteElo "2892"]
[BlackElo "2639"]
[TimeControl "180+2"]
[EndTime "14:04:31 PDT"]
[Termination "joppie2 won by resignation"]

1. e4 e5 2. Nf3 Nc6 3. Bc4 Bc5 4.
c3 Nf6 5. d4 exd4 6. e5 d5 7.
Bb5 Ne4 8. cxd4 Bb6 9. Nc3 O-O 10. Be3 Bg4 11. h3 Bh5 12. Rc1 Ne7 13. g4 Bg6 14. h4 Nxc3 15. bxc3 Be4 16. Bd3 c5 17. dxc5 Bc7 18.
c4 Nc6 19. cxd5 Qxd5 20. Bxe4 Ba5+ 21. Ke2 Qxe4 22. Qd3 Qxf3+ 23. Kxf3 Nxe5+ 24. Ke2 Nxd3 25. Kxd3 Rfd8+ 26. Ke2 Rac8 27. h5 Bb4 28. Rc4 a5 29.
h6 gxh6 30. Rxh6 Rc6 31. Rh5 b6 32. Rg5+ Kf8 33. Rh5 Kg8 34. Rxb4 axb4 35. cxb6 Rc2+ 36. Kf3 Rxa2 37. b7 Rb8 38. Rg5+ Kf8 39. Bc5+ Ke8 40. Rg8+ Kd7 41. Rxb8 Kc7 42. Ra8 1-0

[Event "*** Titled Tuesday Blitz"]
[Site "Chess.com"]
[Date "2019.08.06"]
[Round "5"]
[White "Faustregel"]
[Black "Alexander_Donchenko"]
[Result "0-1"]
[WhiteElo "2514"]
[BlackElo "2681"]
[TimeControl "180+2"]
[EndTime "14:04:32 PDT"]
[Termination "Alexander_Donchenko won by resignation"]

1. d4 d5 2. c4 dxc4 3. e4 e5 4. Nf3 Bb4+ 5. Bd2 Bxd2+ 6. Nbxd2 exd4 7. Bxc4 Nc6 8. Qb3 Qf6 9. O-O Nge7 10. e5 Qg6 11.
Bd3 Qh5 12. Rfe1 O-O 13. Re4 Bf5 14. Rh4 Qg6 15. Bxf5 Nxf5 16. Rf4 b6 17. Qc4 Nfe7 18. Nxd4 Nxe5 19. Qxc7 Qg5 20. Re4 Qxd2 21. Qxe5 Qxb2 22. Rae1 Ng6 23. Qg5 h6 24. Qg3 Qxa2 25. h4 Qd5 26. Nf3 Rac8 27. Rd4 Qf5 28. Red1 a5 29. Rd5 Qf4 30. Qh3 Rc1 31. h5 Rxd1+ 32. Rxd1 Ne5 33. Nd4 Rd8 34. Qc3 a4 35. Kf1 Qg4 36. Rd2 Qxh5 37. Kg1 Qg4 38. f3 Qf4 39. Rd1 a3 40. Kf1 a2 41.
Ke2 Qg5 42. g4 Qf4 43. Nc2 Qh2+ 44. Ke3 Rxd1 0-1

[Event "*** Titled Tuesday Blitz"]
[Site "Chess.com"]
[Date "2019.08.06"]
[Round "5"]
[White "2165149677570"]
[Black "pandamaster3000"]
[Result "1-0"]
[WhiteElo "2284"]
[BlackElo "2303"]
[TimeControl "180+2"]
[EndTime "14:04:32 PDT"]
[Termination "2165149677570 won by checkmate"]

1. e4 c5 2. Nf3 d6 3. Bb5+ Nd7 4. Ba4 a6 5. c3 b5 6. Bc2 Ngf6 7. O-O g6 8. d4 cxd4 9. cxd4 Bb7 10. Qe2 Bg7 11.
Nbd2 O-O 12. e5 Nd5 13. e6 fxe6 14. Qxe6+ Kh8 15. Ng5 Nf4 16. Nf7+ Rxf7 17. Qxf7 Nxg2 18. Ne4 Nh4 19. Bg5 Nf5 20. Be3 Qf8 21. Qe6 Nb6 22.
Bb3 Bxd4 23. Ng5 Kg7 24. Rad1 Bxe3 25. fxe3 Qf6 26. e4 Qxb2 27. Qf7+ Kh6 28. Qxh7+ Kxg5 29. Rf2 Qg7 30. Qh3 Nh4 31. Qe3+ Kh5 32. Rd4 Rf8 33.
Bd1+ Nf3+ 34. Bxf3+ Kh4 35. e5+ Kh3 36. Bg2# 1-0

[Event "*** Titled Tuesday Blitz"]
[Site "Chess.com"]
[Date "2019.08.06"]
[Round "5"]
[White "GelmanAlexander"]
[Black "ChessyInstinct"]
[Result "1-0"]
[WhiteElo "2554"]
[BlackElo "2380"]
[TimeControl "180+2"]
[EndTime "14:04:32 PDT"]
[Termination "GelmanAlexander won by resignation"]

1. d4 d5 2. Nc3 Nf6 3. Bf4 c6 4. f3 Bf5 5. g4 Bg6 6. h4 h5 7. g5 Nfd7 8. e4 e6 9. Nge2 Bb4 10. a3 Ba5 11. Qd3 Bc7 12. O-O-O dxe4 13. fxe4 Na6 14.
Qg3 Rc8 15. Bh3 b5 16. d5 cxd5 17. exd5 e5 18. d6 Bb6 19. Bxe5 O-O 20. Bxd7 Qxd7 21. Nf4 Bf5 22. Nxh5 Bg4 23. Nf6+ gxf6 24. gxf6 Rc4 25. Rhg1 Qf5 26. Rdf1 Qg6 27. h5 Qg5+ 28. Bf4 Rxf4 29. Rxf4 Bxg1 30. Ne4 Qh6 31. Qxg4+ Kh8 32. Kb1 Rg8 33.
Qf5 Be3 34. Rf3 Bd4 35. d7 Rg1+ 36. Ka2 Rg8 37. Nd6 Qh7 38. Qd5 Qxc2 39. Nxf7+ Kh7 40. Qxd4 Rg2 41. d8=Q Nb4+ 42. Qxb4 1-0